 Dungeon Crawl Stone Soup version 0.21-a0-39-g28ea6b7 (webtiles) character file.

81 tilp the Chiller (level 4, -6/30 HPs)
             Began as a Merfolk Ice Elementalist on June 2, 2017.
             Mangled by a gnoll
             ... wielding a +0 halberd
              (14 damage)
             ... on level 1 of the Dungeon.
             The game lasted 00:07:48 (2049 turns).

tilp the Chiller (Merfolk Ice Elementalist)         Turns: 2049, Time: 00:07:48

Health: -6/30      AC:  2    Str:  8    XL:     4   Next: 42%
Magic:  6/7        EV: 13    Int: 15    God:
Gold:   61         SH:  0    Dex: 14    Spells: 2/8 levels left

rFire    . . .     SeeInvis .   d - +0 dagger (venom)
rCold    . . .     Gourm    .   (no shield)
rNeg     . . .     Faith    .   a - +0 robe
rPois    .         Spirit   .   (no helmet)
rElec    .         Reflect  .   (no cloak)
rCorr    .         Harm     .   (no gloves)
MR       .....                  (no boots)
Stlth    ++........             (no amulet)
Regen    0.1/turn               (no ring)
MPRegen  0.1/turn               (no ring)

@: no status effects
A: change form in water, swift swim, stealthy swim
a: no special abilities


You were on level 1 of the Dungeon.
You were not hungry.

You visited 1 branch of the dungeon, and saw 2 of its levels.

You collected 61 gold pieces.

Inventory:

Hand Weapons
 d - a +0 dagger of venom (weapon)
Armour
 a - a +0 robe (worn)
Jewellery
 i - a cursed -3 ring of slaying {unknown}
 j - a +5 ring of evasion {unknown}
 m - an uncursed amulet of rage {unknown}
Scrolls
 e - a scroll of blinking {unknown}
 h - a scroll of identify {unknown}
 k - a scroll of teleportation {unknown}
Potions
 g - a potion of haste {unknown}
 n - a potion of flight {unknown}
Books
 b - a book of Frost

   Spells                             Type                      Level
   a - Freeze                         Ice                          1
   b - Throw Frost                    Conjuration/Ice              2
   c - Ozocubu's Armour               Charms/Ice                   3
   d - Throw Icicle                   Conjuration/Ice              4
   e - Summon Ice Beast               Ice/Summoning                4
Comestibles
 c - a bread ration
 l - 3 fruits


   Skills:
 - Level 3.2 Dodging
 - Level 2.1 Stealth
 - Level 2.6 Spellcasting
 + Level 0.7 Conjurations
 + Level 4.9 Ice Magic


You had 2 spell levels left.
You knew the following spells:

 Your Spells              Type           Power        Failure   Level  Hunger
a - Freeze                Ice            ###.         2%          1    #......
b - Throw Frost           Conj/Ice       ##....       10%         2    ###....
c - Ozocubu's Armour      Chrm/Ice       #.......     22%         3    ###....


Dungeon Overview and Level Annotations

Branches:
Dungeon (2/15)

Altars:


Message History

Aim: a gnoll, wielding a halberd You freeze the gnoll.
The gnoll is lightly wounded.
The gnoll misses you.
You hit the gnoll.
The gnoll is lightly wounded.
The gnoll barely misses you.
You hit the gnoll.
The gnoll is moderately wounded.
The gnoll closely misses you.
You closely miss the gnoll.
The gnoll is moderately wounded.
The gnoll hits you with a halberd.
You hit the gnoll.
The gnoll is poisoned.
The gnoll is heavily wounded.
The gnoll hits you with a halberd!!
Ouch! That really hurt!
* * * LOW HITPOINT WARNING * * *
The gnoll hits you from afar with a halberd!
You die...

####....# ##...... #....#
#....... #....# #.......
#############....# #.......
#......##.)......# #.......
#[.....##.######## #.......
#......##.## #.......
#..........# #.......
#.........@# #.......
#..........#########.......
#.......rg>#...............
#..........#..........###..
#..........#............#..
#......##.##............#.#
#......##.##...........##.#
#########............#....#
############.#.....


You could see a gnoll and a rat.

Vanquished Creatures
  2 gnolls (D:1)
  2 adders (D:2)
  A dart slug (D:1)
  2 leopard geckos (D:1)
  A giant cockroach (D:1)
  10 hobgoblins
  2 jackals (D:1)
  2 kobolds
  6 bats (D:1)
  2 frilled lizards
  5 goblins (D:1)
  4 rats (D:1)
39 creatures vanquished.

Notes
Turn   | Place    | Note
-------+----------+-------------------------------------------
     0 | D:1      | tilp the Merfolk Ice Elementalist began the quest for the Orb.
     0 | D:1      | Reached XP level 1. HP: 13/13 MP: 3/3
   120 | D:1      | Reached XP level 2. HP: 9/19 MP: 0/5
   954 | D:1      | Reached XP level 3. HP: 12/24 MP: 4/6
  1176 | D:1      | Learned a level 2 spell: Throw Frost
  1180 | D:1      | Learned a level 3 spell: Ozocubu's Armour
  1407 | D:1      | Reached skill level 4 in Ice Magic
  1675 | D:1      | Reached XP level 4. HP: 25/30 MP: 5/7
  2049 | D:1      | Mangled by a gnoll

Vault maps used:
D:1:      lightli_arrival_chessboard
D:2:      chequers_ecumenical_altar_simple

Skill      XL: |  1  2  3 |
---------------+----------+-----
Dodging        | 3 |  3.2
Ice Magic      | 4 |  4.9
Stealth        | |  2.1
Spellcasting   | |  2.6
Conjurations   | |  0.7

Action                   |  1- 3 |  4- 6 || total
-------------------------+-------+-------++-------
Melee: Dagger            |    76 |    20 ||    96
       Club              |     1 |       ||     1
 Cast: Freeze            |    28 |     7 ||    35
       Throw Frost       |     3 |       ||     3
 Stab: Sleeping          |     2 |       ||     2
       Distracted        |     1 |       ||     1
  Eat: Chunk             |     3 |     1 ||     4
Armor: Robe              |    33 |     3 ||    36
Dodge: Dodged            |   100 |    24 ||   124
